 Dungeon Crawl Stone Soup version 0.17.1-2-g5865329 (webtiles) character file.

7513 Mysteryquy the Severer (level 11, -1/82 HPs)
             Began as a Hill Orc Fighter on Jan 9, 2016.
             Was a Believer of Qazlal.
             Slain by a hill giant
             ... wielding a +0 giant club
              (30 damage)
             ... on level 11 of the Dungeon on Jan 10, 2016.
             The game lasted 00:18:26 (7627 turns).

Mysteryquy the Severer (Hill Orc Fighter)           Turns: 7627, Time: 00:18:26

Health: -1/82      AC: 14    Str: 31    XL:     11   Next: 16%
Magic:  16/16      EV:  6    Int:  8    God:    Qazlal [**....]
Gold:   464        SH: 12    Dex: 10    Spells: 0 memorised, 10 levels left

rFire  . . .     SeeInvis .     N - +0 war axe (venom)
rCold  . . .     Clarity  .     y - +1 chain mail {rPois}
rNeg   . . .     SustAt   .     c - +0 shield
rPois  +         Gourm    .     (no helmet)
rElec  .         Spirit   .     m - +0 cloak (curse)
rCorr  .         Warding  .     k - +1 pair of gloves {Str+3}
rMut   .         Stasis   .     x - +0 pair of boots
MR     .....                    (no amulet)
Stlth  ..........               (no ring)
                                (no ring)

@: mighty, not resistant to hostile enchantments, extremely unstealthy
A: no striking features
a: Upheaval, Renounce Religion, Convert to Beogh


You were on level 11 of the Dungeon.
You worshipped Qazlal.
Qazlal was pleased with you.
You were hungry.

You visited 2 branches of the dungeon, and saw 11 of its levels.
You also visited: Sewer.

You collected 464 gold pieces.

Inventory:

Hand Weapons
 a - a +0 war axe
 N - a +0 war axe of venom (weapon)
Armour
 b - a +0 scale mail
 c - a +0 shield (worn)
 f - a +0 pair of gloves
 k - a +1 pair of gloves of strength (worn)
 m - a cursed +0 cloak (worn)
 x - a +0 pair of boots (worn)
 y - a +1 chain mail of poison resistance (worn)
Jewellery
 C - an uncursed ring of fire {unknown}
 I - a cursed ring of positive energy {unknown}
 K - an uncursed ring of poison resistance {unknown}
 O - the amulet "Toleb" {Clar rElec rF+ rC+, unknown}
   (You took it off an orc priest on level 8 of the Dungeon)

   [amulet of clarity]

   It provides mental clarity.
   It protects you from fire.
   It protects you from cold.
   It insulates you from electricity.
 U - an uncursed ring of stealth {unknown}
Wands
 F - a wand of teleportation (6)
 R - a wand of teleportation (6)
 S - a wand of digging (8)
 T - a wand of disintegration (11)
Scrolls
 h - 5 scrolls of blinking {unknown}
 j - 7 scrolls of identify {unknown}
 n - 4 scrolls of immolation {unknown}
 o - 5 scrolls of teleportation {unknown}
 p - 4 scrolls of magic mapping {unknown}
 q - 3 scrolls of fog {unknown}
 t - 4 scrolls of remove curse {unknown}
 u - a scroll of noise {unknown}
 w - a scroll of recharging {unknown}
 E - 2 scrolls of fear {unknown}
 J - a scroll of silence {unknown}
 L - a scroll of amnesia {unknown}
Potions
 d - a potion of might
 g - 7 potions of curing
 i - a potion of ambrosia {unknown}
 l - a potion of heal wounds
 r - a potion of beneficial mutation {unknown}
 s - 3 potions of poison {unknown}
 z - 2 potions of lignification {unknown}
 A - 2 potions of agility {unknown}
 G - 5 potions of flight {unknown}
Books
 H - a book of Geomancy

   Spells                             Type                      Level
   a - Sandblast                      Earth                        1
   b - Stoneskin                      Transmutation/Earth          2
   c - Passwall                       Transmutation/Earth          3
   d - Stone Arrow                    Conjuration/Earth            3
   e - Petrify                        Transmutation/Earth          4
   f - Lee's Rapid Deconstruction     Earth                        5
 P - a book of Beasts

   Spells                             Type                      Level
   a - Summon Butterflies             Summoning                    1
   b - Call Canine Familiar           Summoning                    3
   c - Summon Ice Beast               Ice/Summoning                4
   d - Summon Mana Viper              Hexes/Summoning              5
   e - Summon Hydra                   Summoning                    7
Comestibles
 e - 3 bread rations
 v - a beef jerky
 B - 3 royal jellies
 D - 4 meat rations
 M - a slice of pizza
 Q - 4 fruits


   Skills:
 - Level 3.6 Fighting
 + Level 18.9 Axes
 - Level 3.2 Armour
 - Level 3.2 Shields
 * Level 7.4 Invocations


You had 10 spell levels left.
You didn't know any spells.

Dungeon Overview and Level Annotations

Branches:
Dungeon (11/15)            Temple (1/1) D:5
   Lair: D:8-11         Orc: D:9-12

Altars:
Ashenzari
Cheibriados
Dithmenos
Elyvilon
Fedhas
Gozag
Kikubaaqudgha
Makhleb
Nemelex Xobeh
Okawaru
Qazlal
Trog
Vehumet
Xom
Yredelemnul
Zin
The Shining One

Shops:
D:4 [[:   D:6 :   D:9 %


Message History

Your shield and chain mail prevent you from hitting the hill giant.
The hill giant barely misses you.
Your shield and chain mail prevent you from hitting the hill giant.
The hill giant hits you but does no damage.
You slice the hill giant!!
The hill giant is poisoned.
The hill giant is moderately wounded.
The orc wizard mumbles some strange words.
The orc wizard flickers and vanishes!
Deactivating autopickup; reactivate with Ctrl-A.
You hit the hill giant.
The hill giant is moderately wounded.
The hill giant hits you with a giant club!!
The orc priest calls down the wrath of Beogh upon you.
Something smites you!
You hear some strange, mumbled words.
The orc priest threatens, "By the altar or by the axe, you will meet Beogh!"
You hit the hill giant.
The hill giant is heavily wounded.
The hill giant hits you with a giant club!!
You die...

Z# #...#
#.# .#
#...# #.#
.# #...#
#.# .#
#...# #o#
.# #...#
#.#
.######...
#.#
.........
#o#
..#####..
#C# ..#
#@# ..#
#.# ..#
..# ..#
...# ..#
###.# ..#
#.# #.#
#.#


You could see a hill giant, an orc priest and an orc.

Vanquished Creatures
  Erica (D:8)
  A hill giant (D:11)
  An ugly thing (D:11)
  A kobold demonologist (Sewer)
  3 komodo dragons
  Grinder (Sewer)
  A trapdoor spider zombie (D:8)
  Sigmund (D:2)
  Eustachio (D:5)
  A steam dragon (D:9)
  2 orc warriors
  4 centaurs
  5 ogres
  2 black bears
  A phantom (D:5)
  4 sky beasts
  3 big kobolds
  5 giant frogs
  Blork the orc (D:4)
  A jelly (D:8)
  3 killer bees (D:9)
  2 electric eels (D:6)
  2 crimson imps
  A giant frog skeleton (D:4)
  A giant frog zombie (D:5)
  5 orc priests
  5 hounds
  10 orc wizards
  2 centaur skeletons
  Terence (D:3)
  7 iguanas
  9 worker ants
  5 big kobold zombies (Sewer)
  2 hound skeletons
  A worker ant zombie (D:5)
  Robin (D:2)
  13 adders
  3 gnolls
  6 shadow imps
  2 ufetubi (Sewer)
  3 oozes
  3 adder zombies
  An adder skeleton (D:5)
  3 worms
  6 giant geckos
  28 orcs
  A bat zombie (Sewer)
  3 giant cockroaches
  7 hobgoblins
  3 quokkas
  7 bats
  2 giant gecko skeletons
  3 giant newts
  19 goblins
  6 jackals
  A jackal skeleton (D:4)
  21 kobolds
  A kobold zombie (Sewer)
  5 rats
  A butterfly (D:6)
245 creatures vanquished.

Vanquished Creatures (others)
  An adder zombie (Sewer)
1 creature vanquished.

Grand Total: 246 creatures vanquished

Notes
Turn   | Place    | Note
--------------------------------------------------------------
     0 | D:1      | Mysteryquy the Hill Orc Fighter began the quest for the Orb.
     0 | D:1      | Reached XP level 1. HP: 19/19 MP: 1/1
   126 | D:1      | Reached XP level 2. HP: 26/26 MP: 2/2
   232 | D:1      | Reached skill level 4 in Axes
   825 | D:2      | Reached XP level 3. HP: 22/31 MP: 3/3
   989 | D:2      | Reached skill level 5 in Axes
  1105 | D:2      | Reached XP level 4. HP: 39/39 MP: 4/4
  1152 | D:2      | Noticed Robin
  1157 | D:2      | Noticed Sigmund
  1168 | D:2      | Killed Robin
  1168 | D:2      | Reached skill level 6 in Axes
  1176 | D:2      | Killed Sigmund
  1176 | D:2      | Reached skill level 8 in Axes
  1176 | D:2      | Reached XP level 5. HP: 26/45 MP: 5/5
  1176 | D:2      | Reached XP level 6. HP: 29/51 MP: 6/6
  1538 | D:3      | Found a shadowy altar of Dithmenos.
  1595 | D:3      | Noticed Terence
  1618 | D:3      | Killed Terence
  2186 | D:4      | Reached skill level 9 in Axes
  2274 | D:4      | Found Rujaf's Armour Boutique.
  2299 | D:4      | Reached XP level 7. HP: 54/57 MP: 7/7
  2343 | D:4      | Noticed Blork the orc
  2350 | D:4      | Killed Blork the orc
  2350 | D:4      | Reached skill level 10 in Axes
  2377 | D:4      | Found Akleodonwo's Armour Shoppe.
  2431 | D:4      | Found a glowing drain.
  2508 | Sewer    | Entered a sewer
  2785 | Sewer    | Found a burning altar of Makhleb.
  2795 | Sewer    | Reached skill level 11 in Axes
  2839 | Sewer    | Reached XP level 8. HP: 60/64 MP: 8/8
  2872 | Sewer    | Noticed Grinder
  2884 | Sewer    | Killed Grinder
  2884 | Sewer    | Reached skill level 12 in Axes
  2908 | Sewer    | Noticed an apprentice kobold demonologist
  2925 | Sewer    | Killed an apprentice kobold demonologist
  2925 | Sewer    | Reached skill level 13 in Axes
  3252 | D:4      | Found Puqez's Book Shoppe.
  3319 | D:5      | Entered Level 5 of the Dungeon
  3566 | D:5      | Found a staircase to the Ecumenical Temple.
  3578 | Temple   | Entered the Ecumenical Temple
  3610 | Temple   | Became a worshipper of Qazlal Stormbringer
  3914 | D:5      | Reached skill level 1 in Invocations
  3919 | D:5      | Reached XP level 9. HP: 49/70 MP: 9/9
  4047 | D:5      | Reached skill level 14 in Axes
  4101 | D:5      | Found an iron altar of Okawaru.
  4232 | D:5      | Noticed Eustachio
  4248 | D:5      | Killed Eustachio
  4408 | D:6      | Found Sayrhaun's Book Emporium.
  4786 | D:6      | Reached skill level 15 in Axes
  4865 | D:6      | Reached * piety under Qazlal
  5289 | D:6      | Found a glowing golden altar of the Shining One.
  5289 | D:6      | Found a sparkling altar of Nemelex Xobeh.
  5881 | D:7      | You fall through a shaft!
  5908 | D:8      | Reached skill level 16 in Axes
  5935 | D:8      | Noticed Erica
  5953 | D:8      | Killed Erica
  5953 | D:8      | Reached skill level 5 in Invocations
  5953 | D:8      | Reached XP level 10. HP: 59/77 MP: 13/13
  6176 | D:8      | Reached skill level 17 in Axes
  6557 | D:8      | Reached ** piety under Qazlal
  6559 | D:8      | Got a translucent graven amulet
  6847 | D:9      | Found Nockus's Food Boutique.
  6968 | D:9      | Found a glowing silver altar of Zin.
  7361 | D:9      | Reached skill level 18 in Axes
  7383 | D:9      | You fall through a shaft for 2 floors!
  7399 | D:11     | Noticed a hill giant
  7405 | D:11     | Killed a hill giant
  7405 | D:11     | Reached XP level 11. HP: 66/82 MP: 16/16
  7425 | D:11     | Noticed a cyan ugly thing
  7436 | D:11     | Killed a cyan ugly thing
  7572 | D:11     | Noticed a hill giant
  7627 | D:11     | Slain by a hill giant

Action                   |  1- 3 |  4- 6 |  7- 9 | 10-12 || total
-------------------------+-------+-------+-------+-------++-------
Melee: War axe           |    67 |   110 |   444 |   207 ||   828
Invok: Upheaval          |       |       |       |     2 ||     2
  Use: Potion            |       |       |     2 |     1 ||     3
 Stab: Invisible         |       |       |     3 |       ||     3
  Eat: Chunk             |     1 |     4 |    12 |     5 ||    22
